 Dungeon Crawl Stone Soup version 0.23.0-28-g6fe0f4d (webtiles) character file.

Game seed: 16823440685830020775

182 Borgoz the Sneak (level 5, -5/45 HPs)
             Began as a Ghoul Assassin on Feb 25, 2019.
             Slain by Menkaure (20 damage)
             ... on level 4 of the Dungeon.
             The game lasted 00:06:35 (2877 turns).

Borgoz the Sneak (Ghoul Assassin)                   Turns: 2877, Time: 00:06:36

Health: -5/45      AC:  6    Str: 20    XL:     5   Next: 62%
Magic:  4/4        EV: 11    Int:  6    God:
Gold:   190        SH:  0    Dex: 11    Spells: 4/4 levels left

rFire    . . .     SeeInvis .     - Unarmed
rCold    + . .     Gourm    .   (no shield)
rNeg     + + +     Faith    .   l - +0 ring mail
rPois    ∞         Spirit   .   (no helmet)
rElec    .         Reflect  .   d - +0 cloak
rCorr    .         Harm     .   (no gloves)
MR       .....                  (no boots)
Stlth    ++........             (no amulet)
HPRegen  0.00/turn              (no ring)
MPRegen  0.09/turn              (no ring)

@: mighty, rotting
A: rotting body, claws 1, carnivore, cold resistance 1, negative energy
resistance 3, inhibited regeneration, torment resistance, unbreathing
a: no special abilities


You were on level 4 of the Dungeon.
You were not hungry.

You visited 1 branch of the dungeon, and saw 5 of its levels.

You collected 190 gold pieces.

Inventory:

Hand Weapons
 b - a +0 blowgun
Missiles
 e - 11 poisoned needles
 f - 2 curare-tipped needles
 r - a throwing net (quivered)
 s - 7 needles of confusion
Armour
 d - a +0 cloak (worn)
 l - a +0 ring mail (worn)
 o - a +0 leather armour
Wands
 w - a wand of polymorph (11)
Scrolls
 a - a scroll of random uselessness {unknown}
 c - a scroll of noise {unknown}
 h - a scroll of enchant weapon {unknown}
 i - 3 scrolls of teleportation
 n - a scroll of remove curse {unknown}
 p - a scroll of amnesia {unknown}
 v - a scroll of enchant armour {unknown}
Potions
 j - a potion of curing
 q - a potion of magic {unknown}
 t - a potion of brilliance {unknown}
 u - a potion of cancellation {unknown}
Comestibles
 g - 3 rations


   Skills:
 + Level 3.3 Fighting
   Level 1.7 Short Blades
 - Level 1.7 Throwing
 + Level 1.4 Armour
 + Level 1.9 Dodging
 + Level 5.2 Stealth
 * Level 2.9 Unarmed Combat


You had 4 spell levels left.
You didn't know any spells.
Your spell library was empty.

Dungeon Overview and Level Annotations

Branches:
Dungeon (5/15)
 Temple: D:4-7

Altars:
Elyvilon
Zin

Shops:
D:4 =   D:5 :(

Annotations:
D:4 Menkaure


Innate Abilities, Weirdness & Mutations

Your body is rotting away.
You thrive on raw meat.
You are immune to poison.
You have sharp fingernails.
You are carnivorous and can eat meat at any time.
Your flesh is cold resistant. (rC+)
You are immune to negative energy. (rN+++)
You do not regenerate when monsters are visible.
You are immune to unholy pain and torment.
You can survive without breathing.


Message History

You barely miss the howler monkey skeleton.
The howler monkey skeleton barely misses you.
You claw the howler monkey skeleton!
The howler monkey skeleton is heavily damaged.
The howler monkey skeleton barely misses you.
You claw the howler monkey skeleton!
You destroy the howler monkey skeleton!
The jackal bites you but does no damage.
You miss the jackal. The jackal barely misses you.
You closely miss the jackal. The jackal closely misses you.
The jackal bites you but does no damage.
You claw the jackal!
You kill the jackal!
You claw Menkaure!
Menkaure is heavily damaged.
Menkaure hits you!
You completely miss Menkaure.
Menkaure is heavily damaged.
Menkaure hits you!!
You die...

### ##.## #...## ####.
#####....###.....
#..##...##...... #
#8..##.......# ..#
#..........####..<..
###.#.........@M......
##.#∩..........###.##..
##..#.##.##.#.#.#
#.....#...#...###
##.>.8.......(..#
##..............
##..............
.........
#............####
.........
##..###......#
#.........


You could see Menkaure.

Vanquished Creatures
  A jelly (D:4)
  A hound skeleton (D:4)
  A howler monkey skeleton (D:4)
  4 adders
  An adder skeleton (D:4)
  A worm (D:4)
  3 dart slugs
  4 leopard geckos
  2 orcs (D:3)
  4 bats
  3 giant cockroaches
  5 goblins
  10 hobgoblins
  11 jackals
  2 quokkas (D:3)
  3 ball pythons
  4 frilled lizards
  7 kobolds
  8 rats
75 creatures vanquished.

Notes
Turn   | Place    | Note
-------+----------+-------------------------------------------
     0 | D:1      | Borgoz the Ghoul Assassin began the quest for the Orb.
     0 | D:1      | Reached XP level 1. HP: 17/17 MP: 0/0
   127 | D:1      | Reached skill level 1 in Dodging
   402 | D:1      | Reached XP level 2. HP: 10/24 MP: 1/1
   499 | D:1      | Reached skill level 1 in Unarmed Combat
   588 | D:1      | Reached XP level 3. HP: 30/30 MP: 2/2
  1065 | D:2      | Found a glowing silver altar of Zin.
  1837 | D:3      | Reached XP level 4. HP: 22/37 MP: 3/3
  1840 | D:3      | Reached skill level 1 in Armour
  1884 | D:3      | Reached skill level 5 in Stealth
  2443 | D:4      | Reached XP level 5. HP: 38/45 MP: 4/4
  2460 | D:4      | Noticed Menkaure
  2565 | D:4      | Found a white marble altar of Elyvilon.
  2593 | D:5      | Entered Level 5 of the Dungeon
  2593 | D:5      | Found Gosakej's Weapon Shoppe.
  2593 | D:5      | Found Foj Kid's Book Emporium.
  2593 | D:5      | Noticed a centaur
  2827 | D:4      | Found Vepebb's Jewellery Shop.
  2877 | D:4      | Slain by Menkaure

Skill      XL: |  1  2  3  4 |
---------------+-------------+-----
Dodging        | 1 |  1.9
Unarmed Combat | 1 2 |  2.9
Armour         | 1 |  1.4
Stealth        | 5 |  5.2
Fighting       | 3 |  3.3
Short Blades   | |  1.7
Throwing       | |  1.7

Action                   |  1- 3 |  4- 6 || total
-------------------------+-------+-------++-------
Melee: Unarmed           |   143 |   151 ||   294
       Dagger            |    10 |       ||    10
       Punch             |       |     1 ||     1
  Use: Potion            |     1 |     1 ||     2
       Scroll            |       |     3 ||     3
 Stab: Sleeping          |     7 |     5 ||    12
  Eat: Chunk             |    14 |    17 ||    31
Armor: Robe              |    33 |       ||    33
       Leather armour    |    10 |    22 ||    32
       Ring mail         |       |    10 ||    10
Dodge: Dodged            |   103 |    82 ||   185
